 Dungeon Crawl Stone Soup version 0.28.0-53-g5a82cb258f (webtiles) character file.

Game seed: 11502205560684707944

4332 Infinimo the Basher (level 10, -5/65 HPs)
             Began as a Gargoyle Berserker on June 14, 2022.
             Was a Believer of Trog.
             Slain by a two-headed ogre
             ... wielding a +0 giant club
              (6 damage)
             ... on level 9 of the Dungeon.
             The game lasted 00:08:55 (10093 turns).

Infinimo the Basher (Gargoyle Berserker)           Turns: 10093, Time: 00:08:55

Health: -5/65      AC: 25    Str: 25    XL:     10   Next: 33%
Magic:  10/10      EV:  9    Int:  8    God:    Trog [**....]
Gold:   476        SH:  0    Dex:  9    Spells: 9/9 levels left

rFire   + . .      SeeInvis +   a - +0 mace
rCold   . . .      Faith    .   (no shield)
rNeg    + . .      Spirit   .   p - +4 chain mail "Xeiwn" {rF+ SInv}
rPois   ∞          Reflect  .   (no helmet)
rElec   +          Harm     .   w - +1 cloak
rCorr   .          Rampage  .   (no gloves)
Will    .....                   b - +0 pair of boots
Stlth   ..........              (no amulet)
HPRegen 0.20/turn               (no ring)
MPRegen 0.12/turn               (no ring)

@: on berserk cooldown, slowed, very slow
A: sickness immunity, AC +7, negative energy resistance 1, electricity
resistance, torment resistance 1, petrification resistance
a: Renounce Religion, Berserk, Trog's Hand


You were on level 9 of the Dungeon.
You worshipped Trog.
Trog was pleased with you.
You visited 1 branch of the dungeon, and saw 9 of its levels.

You collected 476 gold pieces.

Inventory:

Hand Weapons
 a - a +0 mace (weapon)
Missiles
 q - 2 throwing nets (quivered)
Armour
 b - a +0 pair of boots (worn)
 p - the +4 chain mail "Xeiwn" (worn) {rF+ SInv}
   (You found it on level 5 of the Dungeon)

   rF:        It protects you from fire.
   SInv:      It lets you see invisible.
 w - a +1 cloak (worn)
Jewellery
 c - a ring of willpower
 k - a ring of flight
 o - an amulet of faith
Wands
 n - a wand of iceblast (8)
Scrolls
 g - 6 scrolls of teleportation
 h - a scroll of silence
 j - 2 scrolls of identify
 m - 4 scrolls of vulnerability {unknown}
 u - a scroll of blinking {unknown}
 v - a scroll of amnesia {unknown}
 x - a scroll of noise {unknown}
 y - a scroll of magic mapping {unknown}
Potions
 d - a potion of heal wounds
 e - 4 potions of brilliance {unknown}
 f - a potion of mutation {unknown}
 i - 3 potions of curing {unknown}
 l - 2 potions of degeneration {unknown}
 r - 2 potions of might
 s - a potion of lignification {unknown}
 t - a potion of magic {unknown}
 z - 2 potions of ambrosia {unknown}


   Skills:
 + Level 8.8 Fighting
 * Level 10.9 Maces & Flails
 + Level 8.3 Armour
 - Level 1.5 Dodging


You had 9 spell levels left.
You didn't know any spells.
Your spell library was empty.

Dungeon Overview and Level Annotations

Branches:
Dungeon (9/15)             Temple (0/1) D:6            Lair (0/6) D:8
    Orc: D:9-12

Altars:
Qazlal

Shops:
D:7 =


Innate Abilities, Weirdness & Mutations

You are immune to sickness and miasma.
Your stone body is resilient. (AC +7)
You are immune to poison.
You resist negative energy. (rN+)
You are resistant to electric shocks. (rElec)
You are resistant to unholy torment.
You are immune to petrification.


Message History

You barely miss the two-headed ogre.
The two-headed ogre is moderately wounded.
You are no longer berserk.
You are exhausted.
You feel yourself slow down.
You sock the two-headed ogre!
The two-headed ogre is heavily wounded.
The two-headed ogre hits you with a +0 giant club!
* * * LOW HITPOINT WARNING * * *
The two-headed ogre hits you with a +0 giant club.
* * * LOW HITPOINT WARNING * * *
You hit the two-headed ogre.
The two-headed ogre is severely wounded.
The two-headed ogre hits you but does no damage.
The two-headed ogre misses you.
You feel much better.
The two-headed ogre hits you but does no damage.
The two-headed ogre misses you.
You hit the two-headed ogre but do no damage.
The two-headed ogre is severely wounded.
The two-headed ogre barely misses you.
The two-headed ogre hits you but does no damage.
You hit the two-headed ogre.
The two-headed ogre is severely wounded.
The two-headed ogre closely misses you.
The two-headed ogre hits you but does no damage.
You hit the two-headed ogre but do no damage.
The two-headed ogre is severely wounded.
The two-headed ogre hits you but does no damage. x2
You hit the two-headed ogre but do no damage.
The two-headed ogre is severely wounded.
The two-headed ogre hits you with a +0 giant club!!
* * * LOW HITPOINT WARNING * * *
The two-headed ogre closely misses you.
You hit the two-headed ogre but do no damage.
The two-headed ogre is severely wounded.
The two-headed ogre hits you with a +0 giant club!!
* * * LOW HITPOINT WARNING * * *
The two-headed ogre hits you with a +0 giant club.
You die...

#..# #.###.#####.
#..# #...........
#..# #.≈≈≈≈≈§≈≈≈.
#.O# #.≈....§..≈.
#..# #.≈..≈≈≈≈§≈.
#..# #.≈.≈...§§§§
#..# #.≈.≈._.≈§≈.
#..#######§≈.≈...≈.≈§
#..O@.....§§.≈≈≈≈≈.≈.
#########.§≈§......≈.
#..§§≈≈≈≈.§≈.
#............
#....######## ######


You could see a two-headed ogre.

Vanquished Creatures
  A two-headed ogre (D:8)
  An ugly thing (D:8)
  Maurice (D:8)
  A komodo dragon (D:8)
  A hornet (D:8)
  A wyvern (D:9)
  2 water moccasins
  2 orc warriors
  2 sky beasts (D:7)
  A necrophage (D:4)
  2 ogres
  A phantom (D:6)
  3 bullfrogs
  A scorpion (D:5)
  A water moccasin zombie (D:6)
  9 killer bees
  A centaur zombie (D:7)
  3 hounds
  2 bullfrog zombies (D:6)
  2 centaur skeletons
  An orc priest (D:8)
  2 jellies
  A bullfrog skeleton (D:5)
  7 orc wizards
  6 adders
  3 gnolls
  8 white imps
  2 worms
  41 orcs
  13 ball pythons
  5 endoplasms
  2 giant cockroaches
  12 goblins
  8 hobgoblins
  3 quokkas
  4 bats
  2 frilled lizards (D:1)
  11 kobolds
  4 rats
173 creatures vanquished.

Vanquished Creatures (others)
  2 fungi (D:2)
  43 plants
45 creatures vanquished.

Grand Total: 218 creatures vanquished

Notes
Turn   | Place    | Note
-------+----------+-------------------------------------------
     0 | D:1      | Infinimo the Gargoyle Berserker began the quest for the
                  | Orb.
     0 | D:1      | Reached XP level 1. HP: 14/14 MP: 1/1
   286 | D:1      | Reached XP level 2. HP: 9/19 MP: 2/2
   808 | D:1      | You fall into a shaft and drop 1 floor!
   832 | D:2      | Reached XP level 3. HP: 19/24 MP: 3/3
  1632 | D:2      | Found a faded altar of an unknown god.
  1902 | D:2      | Reached skill level 4 in Maces & Flails
  1902 | D:2      | Reached XP level 4. HP: 21/29 MP: 4/4
  2183 | D:3      | Reached ** piety under Trog
  3126 | D:4      | Noticed a necrophage
  3133 | D:4      | Killed a necrophage
  3134 | D:4      | Reached XP level 5. HP: 34/34 MP: 5/5
  3413 | D:4      | Reached skill level 5 in Maces & Flails
  3413 | D:4      | Reached XP level 6. HP: 30/39 MP: 6/6
  4598 | D:5      | Entered Level 5 of the Dungeon
  4962 | D:5      | Reached skill level 5 in Fighting
  4962 | D:5      | Reached XP level 7. HP: 44/44 MP: 7/7
  5310 | D:5      | Reached skill level 6 in Maces & Flails
  5547 | D:5      | Identified the +4 chain mail "Xeiwn" {rF+ SInv}
  5998 | D:6      | Found a staircase to the Ecumenical Temple.
  6117 | D:6      | Reached skill level 5 in Armour
  6144 | D:6      | Identified the +9 spear "Tag Vor" {vorpal, rElec}
  6260 | D:6      | Reached XP level 8. HP: 30/51 MP: 8/8
  6497 | D:6      | Reached skill level 7 in Maces & Flails
  7090 | D:7      | Found Icid's Jewellery Emporium.
  7137 | D:7      | Reached skill level 8 in Maces & Flails
  7443 | D:7      | Reached XP level 9. HP: 56/56 MP: 9/9
  8170 | D:8      | Noticed a hornet
  8192 | D:8      | Killed a hornet
  8211 | D:8      | Reached skill level 9 in Maces & Flails
  8388 | D:8      | Noticed Maurice
  8393 | D:8      | Noticed a purple ugly thing
  8409 | D:8      | Killed a purple ugly thing
  8457 | D:8      | Killed Maurice
  8567 | D:8      | Reached skill level 10 in Maces & Flails
  8631 | D:8      | Noticed a komodo dragon
  8640 | D:8      | Killed a komodo dragon
  8641 | D:8      | Reached XP level 10. HP: 64/64 MP: 10/10
  8733 | D:8      | Noticed a two-headed ogre
  8745 | D:8      | Killed a two-headed ogre
  8940 | D:8      | Found a staircase to the Lair.
  9989 | D:9      | Found a stormy altar of Qazlal.
 10056 | D:9      | Noticed a two-headed ogre
 10093 | D:9      | HP: 1/65 [two-headed ogre/+0 giant club (18)]
 10093 | D:9      | Slain by a two-headed ogre

Illustrated notes

Levels and vault maps discovered:
D:1:      ncdulo_watergridlock, layout_basic
D:2:      layout_loops_ring, dreamdust_ecumenical_altar_grove
D:3:      layout_rooms
D:4:      layout_basic
D:5:      layout_basic
D:6:      layout_basic, minmay_temple_entry_crystal_x
D:7:      corexii_shantytown, layout_basic, serial_shops,
          nicolae_shop_advertising_works [nicolae_subvault_shop_adworks]
D:8:      layout_cave_pods, david_lair_shrubbed, special_room
          [special_room_orc], palyth_stone_intersect, uniq_maurice
D:9:      layout_long_grid, mainiacjoe_overflow_concentric_impassable,
          grunt_decor_junction

Skill      XL: |  1  2  3  4  5  6  7  8  9 10 |
---------------+-------------------------------+-----
Maces & Flails | 4 5 6 8 10 | 10.9
Armour         | 3 4 5 6 7 8 |  8.3
Fighting       | 4 5 6 8 |  8.8
Dodging        | |  1.5

Action                   |  1- 3 |  4- 6 |  7- 9 | 10-12 || total
-------------------------+-------+-------+-------+-------++-------
Melee: Mace              |   116 |   117 |   357 |   130 ||   720
       Punch             |     1 |     1 |     2 |       ||     4
Invok: Berserk           |     2 |     4 |    13 |     3 ||    22
  Use: Scroll            |       |       |     5 |     1 ||     6
       Potion            |       |       |     1 |     1 ||     2
Armor: Animal skin       |    54 |    37 |    17 |       ||   108
       Chain mail        |       |       |   245 |    94 ||   339
Dodge: Dodged            |    76 |    68 |   146 |    58 ||   348
